Heat vs Ice Hogs

Created - Tuesday, November 18, 2014 at 22:50

Goals
1 2 3 T
Heat 0 0 0 0
Ice Hogs 0 1 0 1
Shots
1 2 3 T
Heat 6 7 3 16
Ice Hogs 10 9 10 29

1st period

No Goal

Penalties :
Michael Latta (ABB) for Holding Stick (Minor) at 2:47, Dan DaSilva (RIH) for Interference (Minor) at 15:13, Dan DaSilva (RIH) for Checking from behind (Major) at 19:52

2nd period

1. Ice Hogs , Brandon Pirri 12 (Tyler Toffoli) at 10:39

Penalties :
Tomas Fleischmann (ABB) for Roughing (Minor) at 3:46, Zach Redmond (RIH) for Hooking (Minor) at 14:31, Michael Latta (ABB) for Boarding (Major) at 17:48

3rd period

No Goal

Penalties :
Richard Panik (ABB) for Interference (Minor) at 9:46

Goalie Stats

Eddie Pasquale (ABB), 28 saves from 29 shots - (0.966), L, 13-2-1, 59:52 minutes
Scott Darling (RIH), 16 saves from 16 shots - (1.000), W, 18-0-2, 60:00 minutes

Players Stats for Heat

Player Name              G  A  P  +/- PIM S  H  SB GA TA FO     MP     PP MP  PK MP  
------------------------------------------------------------------------------------
Devante Smith-Pelly      0  0  0   0  0   4  3  0  3  1  0/1    15:56   4:09   0:00 
Filip Forsberg           0  0  0  -1  0   0  0  0  2  0  0/0    11:28   0:00   0:00 
Frank Corrado            0  0  0  -1  0   0  0  2  1  1  0/0    17:47   0:00   3:35 
Jon Merrill              0  0  0   0  0   2  4  1  0  1  0/0    24:35   4:26   5:35 
Jordan Caron             0  0  0   0  0   1  0  0  1  0  0/0    13:54   0:00   5:10 
Michael Latta            0  0  0  -1  7   2  1  2  0  0  1/3    13:19   0:00   1:12 
Nikita Kucherov          0  0  0  -1  0   0  0  0  0  0  0/0    11:28   0:00   0:00 
Richard Panik            0  0  0   0  2   0  1  0  1  0  0/2    15:15   4:09   0:00 
Rickard Rakell           0  0  0   0  0   0  0  0  0  1  7/11   17:21   3:43   3:58 
Riley Sheahan            0  0  0   0  0   4  0  0  2  0  2/6    16:18   4:09   0:01 
Sami Vatanen             0  0  0   0  0   0  0  0  1  1  0/0    17:38   3:26   0:41 
Sergei Gonchar           0  0  0   0  0   1  0  1  0  4  0/0    23:47   3:26   5:35 
Stuart Percy             0  0  0   0  0   0  1  0  0  0  0/0    16:42   0:00   3:35 
Sven Baertschi           0  0  0   0  0   1  1  0  1  0  0/0    12:37   3:43   0:00 
Taylor Beck              0  0  0   0  0   0  1  1  2  2  0/0    14:24   0:00   4:41 
Tim Erixon               0  0  0  -1  0   0  0  1  1  0  0/0    19:31   4:26   0:41 
Tomas Fleischmann        0  0  0   0  2   1  2  0  3  0  0/1    13:20   3:42   0:00 
Victor Rask              0  0  0   0  0   0  2  0  0  0  4/7    13:40   0:00   4:40 

Players Stats for Ice Hogs

Player Name              G  A  P  +/- PIM S  H  SB GA TA FO     MP     PP MP  PK MP  
------------------------------------------------------------------------------------
Brandon Gormley          0  0  0   1  0   1  2  1  0  0  0/0    19:17   4:35   0:00 
Brandon Pirri            1  0  1   1  0   2  2  0  4  0  5/9    15:10   4:33   0:00 
Casey Wellman            0  0  0   0  0   0  0  0  1  0  0/0    15:09   4:47   0:00 
Chay Genoway             0  0  0   0  0   1  3  1  0  1  0/0    21:08   3:41   4:06 
Dan DaSilva              0  0  0   0  7   1  0  0  0  0  0/0    10:39   0:31   0:00 
Derek Roy                0  0  0   0  0   5  1  0  1  0  2/5    15:09   4:47   0:00 
J.T. Miller              0  0  0   0  0   1  1  0  0  0  0/0     9:17   0:00   0:00 
Jason Garrison           0  0  0   0  0   1  2  1  3  1  0/0    23:42   5:16   3:46 
Jean-Philippe Cote       0  0  0   0  0   2  1  2  2  0  0/0    17:01   0:00   4:06 
Johan Larsson            0  0  0   0  0   0  2  0  1  1  5/8    14:35   0:00   3:52 
Peter LeBlanc            0  0  0   0  0   0  0  1  0  0  0/0     9:58   0:00   0:00 
Roman Horak              0  0  0   0  0   3  1  0  1  1  1/1    15:03   0:00   3:52 
Ryan Murphy              0  0  0   0  0   1  0  2  1  0  0/0    23:42   5:16   3:46 
Seth Griffith            0  0  0   0  0   0  0  1  0  0  0/1    16:02   0:31   4:00 
Tanner Pearson           0  0  0   1  0   2  1  0  2  0  0/0    14:59   4:33   0:00 
Travis Morin             0  0  0   0  0   6  2  0  3  0  4/7    19:51   5:18   4:00 
Tyler Toffoli            0  1  1   1  0   3  1  0  2  3  0/0    14:59   4:33   0:00 
Zach Redmond             0  0  0   1  2   0  3  0  0  2  0/0    15:19   0:54   0:00 

3 Stars

1 - Scott Darling (RIH)
2 - Eddie Pasquale (ABB)
3 - Brandon Pirri (RIH)

Power Play

Heat - 0 on 3 Attempt(s) - 0.00%
Ice Hogs - 0 on 4 Attempt(s) - 0.00%

Penalty Kill

Heat - 4 on 4 Attempt(s) - 100.00% - Score 0 goal in Penalty Kill
Ice Hogs - 3 on 3 Attempt(s) - 100.00% - Score 0 goal in Penalty Kill

Official

Referees : Unknown
Linesman : Unknown

Game Notes

No Game Note

Finance

Level 1 -- Attendance: 1460 (73.00%) -- Ticket Income $51,100
Level 2 -- Attendance: 728 (72.80%) -- Ticket Income $10,920
Total Attendance: 2188 (72.93%)
Total Ticket Income: $62,020
Other Income: $30,390
Total Income: $92,410

Heat

5 vs 5 Forward 
   Center                   Left Wing                Right Wing               Time % Phy DF OF 
 1 Riley Sheahan            Richard Panik            Devante Smith-Pelly      35     1   2  2  
 2 Rickard Rakell           Tomas Fleischmann        Sven Baertschi           30     1   2  2  
 3 Michael Latta            Filip Forsberg           Nikita Kucherov          22     1   2  2  
 4 Victor Rask              Jordan Caron             Taylor Beck              13     1   2  2  

5 vs 5 Defense 
   Defense                  Defense                                           Time % Phy DF OF 
 1 Sergei Gonchar           Jon Merrill                                       35     1   2  2  
 2 Tim Erixon               Frank Corrado                                     30     1   2  2  
 3 Stuart Percy             Sami Vatanen                                      25     1   2  2  
 4 Jon Merrill              Sergei Gonchar                                    10     1   2  2  

PowerPlay Forward 
   Center                   Left Wing                Right Wing               Time % Phy DF OF 
 1 Riley Sheahan            Richard Panik            Devante Smith-Pelly      50     1   2  2  
 2 Rickard Rakell           Tomas Fleischmann        Sven Baertschi           50     1   2  2  

PowerPlay Defense
   Defense                  Defense                                           Time % Phy DF OF 
 1 Sergei Gonchar           Sami Vatanen                                      50     1   2  2  
 2 Tim Erixon               Jon Merrill                                       50     1   2  2  

Penalty Kill 4 Players Forward 
   Center                   Wing                     Time % Phy DF OF 
 1 Michael Latta            Jordan Caron             50     1   2  2  
 2 Victor Rask              Taylor Beck              50     1   2  2  

Penalty Kill 4 Players Defense
   Defense                  Defense                  Time % Phy DF OF 
 1 Sergei Gonchar           Jon Merrill              50     1   2  2  
 2 Stuart Percy             Frank Corrado            50     1   2  2  

Penalty Kill - 3 Players Forward 
   Forward                                           Time % Phy DF OF 
 1 Michael Latta                                     50     1   2  2  
 2 Victor Rask                                       50     1   2  2  

Penalty Kill - 3 Players Defense
   Defense                  Defense                  Time % Phy DF OF 
 1 Sergei Gonchar           Jon Merrill              50     1   2  2  
 2 Stuart Percy             Frank Corrado            50     1   2  2  

4 vs 4 Forward 
   Center                   Wing                     Time % Phy DF OF 
 1 Riley Sheahan            Tomas Fleischmann        50     1   2  2  
 2 Rickard Rakell           Devante Smith-Pelly      50     1   2  2  

4 vs 4 Defense
   Defense                  Defense                  Time % Phy DF OF 
 1 Sergei Gonchar           Jon Merrill              50     1   2  2  
 2 Tim Erixon               Sami Vatanen             50     1   2  2  

Last Minutes Offensive
   Center                   Left Wing                Right Wing               Defense                  Defense                  
   Riley Sheahan            Tomas Fleischmann        Devante Smith-Pelly      Sergei Gonchar           Sami Vatanen             

Last Minutes Defensive
   Center                   Left Wing                Right Wing               Defense                  Defense                  
   Michael Latta            Jordan Caron             Taylor Beck              Jon Merrill              Frank Corrado            

Goaltenders
Starting : Eddie Pasquale           
Backup : Calvin Pickard           

Extra Forwards
Normal : Taylor Beck, Richard Panik, Jordan Caron - PP : Taylor Beck, Riley Sheahan - PK : Jordan Caron
Extra Defensemen
Normal : Sergei Gonchar, Frank Corrado, Stuart Percy - PP : Frank Corrado - PK : Tim Erixon, Sami Vatanen
Penalty Shots
Nikita Kucherov, Riley Sheahan, Devante Smith-Pelly, Tomas Fleischmann, Sven Baertschi

Ice Hogs

5 vs 5 Forward 
   Center                   Left Wing                Right Wing               Time % Phy DF OF 
 1 Brandon Pirri            Tanner Pearson           Tyler Toffoli            30     0   2  3  
 2 Derek Roy                J.T. Miller              Casey Wellman            25     0   2  3  
 3 Johan Larsson            Roman Horak              Seth Griffith            25     1   2  2  
 4 Travis Morin             Peter LeBlanc            Dan DaSilva              20     1   2  2  

5 vs 5 Defense 
   Defense                  Defense                                           Time % Phy DF OF 
 1 Jason Garrison           Ryan Murphy                                       30     1   2  2  
 2 Chay Genoway             Jean-Philippe Cote                                30     1   2  2  
 3 Zach Redmond             Brandon Gormley                                   30     1   2  2  
 4 Jason Garrison           Ryan Murphy                                       10     1   2  2  

PowerPlay Forward 
   Center                   Left Wing                Right Wing               Time % Phy DF OF 
 1 Brandon Pirri            Tanner Pearson           Tyler Toffoli            50     0   1  4  
 2 Travis Morin             Derek Roy                Casey Wellman            50     0   1  4  

PowerPlay Defense
   Defense                  Defense                                           Time % Phy DF OF 
 1 Jason Garrison           Ryan Murphy                                       50     0   1  4  
 2 Chay Genoway             Brandon Gormley                                   50     0   1  4  

Penalty Kill 4 Players Forward 
   Center                   Wing                     Time % Phy DF OF 
 1 Johan Larsson            Roman Horak              50     1   3  1  
 2 Travis Morin             Seth Griffith            50     1   3  1  

Penalty Kill 4 Players Defense
   Defense                  Defense                  Time % Phy DF OF 
 1 Jason Garrison           Ryan Murphy              50     1   4  0  
 2 Chay Genoway             Jean-Philippe Cote       50     1   4  0  

Penalty Kill - 3 Players Forward 
   Forward                                           Time % Phy DF OF 
 1 Johan Larsson                                     50     1   4  0  
 2 Travis Morin                                      50     1   4  0  

Penalty Kill - 3 Players Defense
   Defense                  Defense                  Time % Phy DF OF 
 1 Jason Garrison           Ryan Murphy              50     1   4  0  
 2 Chay Genoway             Jean-Philippe Cote       50     1   4  0  

4 vs 4 Forward 
   Center                   Wing                     Time % Phy DF OF 
 1 Travis Morin             Seth Griffith            50     1   2  2  
 2 Derek Roy                Casey Wellman            50     1   2  2  

4 vs 4 Defense
   Defense                  Defense                  Time % Phy DF OF 
 1 Chay Genoway             Jean-Philippe Cote       50     1   2  2  
 2 Zach Redmond             Brandon Gormley          50     1   2  2  

Last Minutes Offensive
   Center                   Left Wing                Right Wing               Defense                  Defense                  
   Brandon Pirri            Derek Roy                Tyler Toffoli            Jason Garrison           Ryan Murphy              

Last Minutes Defensive
   Center                   Left Wing                Right Wing               Defense                  Defense                  
   Johan Larsson            Roman Horak              Seth Griffith            Jason Garrison           Jean-Philippe Cote       

Goaltenders
Starting : Scott Darling            
Backup : Rob Madore               

Extra Forwards
Normal : Travis Morin, Brandon Pirri, Seth Griffith - PP : Travis Morin, Seth Griffith - PK : Casey Wellman
Extra Defensemen
Normal : Chay Genoway, Brandon Gormley, Jason Garrison - PP : Jean-Philippe Cote - PK : Chay Genoway, Ryan Murphy
Penalty Shots
Casey Wellman, Derek Roy, Travis Morin, Roman Horak, Brandon Pirri

% Time on Ice - Heat

Lines # - Real PCT - Wanted PCT - Time Play
Normal Forward
1 - 28% - 35% - 11:31
2 - 23% - 30% - 9:35
3 - 28% - 22% - 11:28
4 - 20% - 13% - 8:19
Normal Defense
1 - 32% - 35% - 13:09
2 - 36% - 30% - 14:39
3 - 30% - 25% - 12:06
4 - 2% - 10% - 0:59
PP Forward
1 - 53% - 50% - 4:09
2 - 47% - 50% - 3:43
PP Defense
1 - 44% - 50% - 3:26
2 - 56% - 50% - 4:26
PK Forward
1 - 53% - 50% - 5:11
2 - 47% - 50% - 4:40
PK Defense
1 - 57% - 50% - 5:35
2 - 43% - 50% - 4:16
PK3 Forward
1 - 0% - 50%
2 - 0% - 50%
PK3 Defense
1 - 0% - 50%
2 - 0% - 50%
44 Forward
1 - 66% - 50% - 0:43
2 - 34% - 50% - 0:22
44 Defense
1 - 58% - 50% - 0:38
2 - 42% - 50% - 0:27
Last Minute Offensive  - 0:19
Last Minute Defensive  - 0:00
Total
Forward - 60:00
Defense - 60:00

% Time on Ice - Ice Hogs

Lines # - Real PCT - Wanted PCT - Time Play
Normal Forward
1 - 26% - 30% - 10:26
2 - 25% - 25% - 10:05
3 - 25% - 25% - 9:54
4 - 25% - 20% - 9:58
Normal Defense
1 - 31% - 30% - 12:37
2 - 32% - 30% - 13:05
3 - 31% - 30% - 12:38
4 - 5% - 10% - 2:03
PP Forward
1 - 51% - 50% - 5:04
2 - 49% - 50% - 4:47
PP Defense
1 - 53% - 50% - 5:16
2 - 47% - 50% - 4:35
PK Forward
1 - 49% - 50% - 3:52
2 - 51% - 50% - 4:00
PK Defense
1 - 48% - 50% - 3:46
2 - 52% - 50% - 4:06
PK3 Forward
1 - 0% - 50%
2 - 0% - 50%
PK3 Defense
1 - 0% - 50%
2 - 0% - 50%
44 Forward
1 - 23% - 50% - 0:15
2 - 77% - 50% - 0:50
44 Defense
1 - 77% - 50% - 0:50
2 - 23% - 50% - 0:15
Last Minute Offensive  - 0:00
Last Minute Defensive  - 0:49
Total
Forward - 60:00
Defense - 60:00

Play by Play

1st period


0:01 of 1st period - Brandon Pirri wins face-off versus Riley Sheahan in neutral zone.
0:25 of 1st period - Wrist shot by Tyler Toffoli.
0:25 of 1st period - Stopped by Eddie Pasquale with a rebound.
0:53 of 1st period - Rickard Rakell is hit by Jason Garrison and loses puck.
1:16 of 1st period - Snap shot by Derek Roy.
1:16 of 1st period - Shot Blocked by Sergei Gonchar.
2:23 of 1st period - Wrist shot by Travis Morin.
2:23 of 1st period - Stopped by Eddie Pasquale with a rebound.
2:25 of 1st period - Wrist shot by Peter LeBlanc.
2:25 of 1st period - Shot Misses the Net.
2:27 of 1st period - Wrist shot by Travis Morin.
2:27 of 1st period - Stopped by Eddie Pasquale with a rebound.
2:29 of 1st period - Snap shot by Travis Morin.
2:29 of 1st period - Stopped by Eddie Pasquale with a rebound.
2:33 of 1st period - Snap shot by Dan DaSilva.
2:33 of 1st period - Shot Blocked by Frank Corrado.
2:47 of 1st period - Minor Penalty to Michael Latta for Holding Stick.
2:48 of 1st period - Brandon Pirri wins face-off versus Victor Rask in Heat zone.
3:56 of 1st period - Jon Merrill is hit by Travis Morin and loses puck.
4:47 of 1st period - Penalty to Michael Latta is over, Michael Latta is back on ice.
5:02 of 1st period - Snap shot by Roman Horak.
5:02 of 1st period - Stopped by Eddie Pasquale without a rebound.
5:03 of 1st period - Johan Larsson wins face-off versus Riley Sheahan in Heat zone.
5:33 of 1st period - Riley Sheahan is hit by Johan Larsson and loses puck.
7:59 of 1st period - Icing by Derek Roy.
8:00 of 1st period - Michael Latta wins face-off versus Derek Roy in Ice Hogs zone.
8:07 of 1st period - Snap shot by Nikita Kucherov.
8:07 of 1st period - Deflect By Michael Latta.
8:07 of 1st period - Stopped by Scott Darling with a rebound.
8:09 of 1st period - Slapshot by Michael Latta.
8:09 of 1st period - Stopped by Scott Darling without a rebound.
8:10 of 1st period - Johan Larsson wins face-off versus Michael Latta in Ice Hogs zone.
8:23 of 1st period - Zach Redmond is hit by Jon Merrill and loses puck.
9:49 of 1st period - Tim Erixon is hit by Travis Morin and loses puck.
9:56 of 1st period - Ryan Murphy is hit by Devante Smith-Pelly and loses puck.
10:17 of 1st period - Slapshot by Jordan Caron.
10:17 of 1st period - Stopped by Scott Darling with a rebound.
10:31 of 1st period - Wrist shot by Taylor Beck.
10:31 of 1st period - Shot Blocked by Ryan Murphy.
10:33 of 1st period - Slapshot by Victor Rask.
10:33 of 1st period - Shot Blocked by Ryan Murphy.
11:02 of 1st period - Slapshot by Brandon Pirri.
11:02 of 1st period - Stopped by Eddie Pasquale without a rebound.
11:03 of 1st period - Brandon Pirri wins face-off versus Michael Latta in Heat zone.
12:33 of 1st period - Slapshot by Riley Sheahan.
12:33 of 1st period - Shot Blocked by Chay Genoway.
12:39 of 1st period - Snap shot by Riley Sheahan.
12:39 of 1st period - Stopped by Scott Darling with a rebound.
12:50 of 1st period - Snap shot by Riley Sheahan.
12:50 of 1st period - Deflect By Devante Smith-Pelly.
12:50 of 1st period - Shot Misses the Net.
12:50 of 1st period - Puck is out of play.
12:51 of 1st period - Victor Rask wins face-off versus Johan Larsson in Ice Hogs zone.
13:00 of 1st period - Wrist shot by Taylor Beck.
13:00 of 1st period - Shot Misses the Net.
13:12 of 1st period - Wrist shot by Roman Horak.
13:12 of 1st period - Stopped by Eddie Pasquale with a rebound.
13:14 of 1st period - Snap shot by Johan Larsson.
13:14 of 1st period - Shot Blocked by Frank Corrado.
13:24 of 1st period - Wrist shot by Johan Larsson.
13:24 of 1st period - Shot Misses the Net.
13:26 of 1st period - Wrist shot by Roman Horak.
13:26 of 1st period - Stopped by Eddie Pasquale with a rebound.
13:28 of 1st period - Slapshot by Brandon Gormley.
13:28 of 1st period - Stopped by Eddie Pasquale with a rebound.
13:56 of 1st period - Sergei Gonchar is hit by Brandon Pirri and loses puck.
14:21 of 1st period - Slapshot by Devante Smith-Pelly.
14:21 of 1st period - Stopped by Scott Darling with a rebound.
15:13 of 1st period - Minor Penalty to Dan DaSilva for Interference.
15:14 of 1st period - Roman Horak wins face-off versus Riley Sheahan in Ice Hogs zone.
15:25 of 1st period - Snap shot by Richard Panik.
15:25 of 1st period - Shot Misses the Net.
16:27 of 1st period - Slapshot by Devante Smith-Pelly.
16:27 of 1st period - Stopped by Scott Darling with a rebound.
17:13 of 1st period - Penalty to Dan DaSilva is over, Dan DaSilva is back on ice.
17:49 of 1st period - Snap shot by J.T. Miller.
17:49 of 1st period - Stopped by Eddie Pasquale with a rebound.
17:51 of 1st period - Slapshot by Brandon Gormley.
17:51 of 1st period - Deflect By Casey Wellman.
17:51 of 1st period - Shot Blocked by Michael Latta.
17:51 of 1st period - Puck is out of play.
17:52 of 1st period - Victor Rask wins face-off versus Brandon Pirri in Heat zone.
17:58 of 1st period - Slapshot by Tim Erixon.
17:58 of 1st period - Shot Misses the Net.
19:40 of 1st period - Slapshot by Sergei Gonchar.
19:40 of 1st period - Shot Blocked by Peter LeBlanc.
19:52 of 1st period - Major Penalty to Dan DaSilva for Checking from behind.
19:53 of 1st period - Johan Larsson wins face-off versus Tomas Fleischmann in Ice Hogs zone.
Goals for this period are 0 for Heat vs 0 for Ice Hogs.
Shots for this period are 6 for Heat vs 10 for Ice Hogs.

2nd period


0:01 of 2nd period - Travis Morin wins face-off versus Rickard Rakell in neutral zone.
0:03 of 2nd period - Off-side.
0:04 of 2nd period - Rickard Rakell wins face-off versus Seth Griffith in neutral zone.
1:18 of 2nd period - Off-side.
1:19 of 2nd period - Riley Sheahan wins face-off versus Johan Larsson in neutral zone.
1:54 of 2nd period - Slapshot by Jon Merrill.
1:54 of 2nd period - Deflect By Tomas Fleischmann.
1:54 of 2nd period - Shot Blocked by Seth Griffith.
1:54 of 2nd period - Puck is out of play.
1:55 of 2nd period - Rickard Rakell wins face-off versus Travis Morin in Ice Hogs zone.
1:56 of 2nd period - Slapshot by Tomas Fleischmann.
1:56 of 2nd period - Stopped by Scott Darling with a rebound.
2:09 of 2nd period - Icing by Sami Vatanen.
2:10 of 2nd period - Rickard Rakell wins face-off versus Travis Morin in Heat zone.
2:29 of 2nd period - Wrist shot by Riley Sheahan.
2:29 of 2nd period - Stopped by Scott Darling with a rebound.
2:31 of 2nd period - Snap shot by Devante Smith-Pelly.
2:31 of 2nd period - Shot Misses the Net.
2:33 of 2nd period - Slapshot by Sami Vatanen.
2:33 of 2nd period - Deflect By Devante Smith-Pelly.
2:33 of 2nd period - Shot Misses the Net.
2:33 of 2nd period - Puck is out of play.
2:34 of 2nd period - Riley Sheahan wins face-off versus Johan Larsson in Ice Hogs zone.
3:01 of 2nd period - Icing by Tim Erixon.
3:02 of 2nd period - Travis Morin wins face-off versus Richard Panik in Heat zone.
3:46 of 2nd period - Minor Penalty to Tomas Fleischmann for Roughing.
3:47 of 2nd period - Derek Roy wins face-off versus Riley Sheahan in Heat zone.
3:50 of 2nd period - Snap shot by Casey Wellman.
3:50 of 2nd period - Shot Misses the Net.
3:56 of 2nd period - Jean-Philippe Cote is hit by Taylor Beck and loses puck.
4:17 of 2nd period - Wrist shot by Devante Smith-Pelly.
4:17 of 2nd period - Stopped by Scott Darling with a rebound.
4:19 of 2nd period - Snap shot by Devante Smith-Pelly.
4:19 of 2nd period - Stopped by Scott Darling with a rebound.
4:21 of 2nd period - Wrist shot by Sergei Gonchar.
4:21 of 2nd period - Stopped by Scott Darling with a rebound.
4:23 of 2nd period - Slapshot by Jon Merrill.
4:23 of 2nd period - Stopped by Scott Darling with a rebound.
4:52 of 2nd period - Penalty to Dan DaSilva is over, Dan DaSilva is back on ice.
5:19 of 2nd period - Wrist shot by Travis Morin.
5:19 of 2nd period - Stopped by Eddie Pasquale with a rebound.
5:38 of 2nd period - Taylor Beck is hit by Brandon Gormley and loses puck.
5:46 of 2nd period - Penalty to Tomas Fleischmann is over, Tomas Fleischmann is back on ice.
5:56 of 2nd period - Wrist shot by Sergei Gonchar.
5:56 of 2nd period - Shot Misses the Net.
6:17 of 2nd period - Tomas Fleischmann is hit by Zach Redmond and loses puck.
6:28 of 2nd period - Johan Larsson is hit by Jon Merrill and loses puck.
6:55 of 2nd period - Stuart Percy is hit by J.T. Miller.
8:46 of 2nd period - Snap shot by Ryan Murphy.
8:46 of 2nd period - Shot Misses the Net.
8:48 of 2nd period - Slapshot by Jason Garrison.
8:48 of 2nd period - Stopped by Eddie Pasquale with a rebound.
8:50 of 2nd period - Slapshot by Ryan Murphy.
8:50 of 2nd period - Shot Misses the Net.
10:32 of 2nd period - Frank Corrado is hit by Tyler Toffoli and loses puck.
10:39 of 2nd period - Snap shot by Brandon Pirri.
10:39 of 2nd period - Goal by Brandon Pirri - Heat : 0 - Ice Hogs : 1.
10:40 of 2nd period - Rickard Rakell wins face-off versus Derek Roy in neutral zone.
10:53 of 2nd period - Wrist shot by Derek Roy.
10:53 of 2nd period - Stopped by Eddie Pasquale with a rebound.
11:29 of 2nd period - Nikita Kucherov is hit by Brandon Pirri and loses puck.
11:38 of 2nd period - Wrist shot by Filip Forsberg.
11:38 of 2nd period - Shot Blocked by Brandon Gormley.
11:40 of 2nd period - Snap shot by Nikita Kucherov.
11:40 of 2nd period - Shot Misses the Net.
11:58 of 2nd period - Richard Panik is hit by Tanner Pearson and loses puck.
12:40 of 2nd period - Slapshot by Jean-Philippe Cote.
12:40 of 2nd period - Stopped by Eddie Pasquale without a rebound.
12:41 of 2nd period - Johan Larsson wins face-off versus Victor Rask in Heat zone.
13:01 of 2nd period - Slapshot by Jean-Philippe Cote.
13:01 of 2nd period - Shot Blocked by Jon Merrill.
13:03 of 2nd period - Wrist shot by Chay Genoway.
13:03 of 2nd period - Stopped by Eddie Pasquale with a rebound.
13:05 of 2nd period - Snap shot by Johan Larsson.
13:05 of 2nd period - Shot Misses the Net.
13:20 of 2nd period - Taylor Beck is hit by Jean-Philippe Cote and loses puck.
13:54 of 2nd period - Off-side.
13:55 of 2nd period - Brandon Pirri wins face-off versus Devante Smith-Pelly in neutral zone.
13:58 of 2nd period - Frank Corrado is hit by Zach Redmond.
14:31 of 2nd period - Minor Penalty to Zach Redmond for Hooking.
14:32 of 2nd period - Rickard Rakell wins face-off versus Travis Morin in Ice Hogs zone.
15:03 of 2nd period - Slapshot by Sergei Gonchar.
15:03 of 2nd period - Shot Blocked by Jean-Philippe Cote.
15:49 of 2nd period - Wrist shot by Sven Baertschi.
15:49 of 2nd period - Stopped by Scott Darling without a rebound.
15:50 of 2nd period - Johan Larsson wins face-off versus Rickard Rakell in Ice Hogs zone.
16:07 of 2nd period - Jason Garrison is hit by Tomas Fleischmann and loses puck.
16:26 of 2nd period - Jason Garrison is hit by Richard Panik and loses puck.
16:31 of 2nd period - Penalty to Zach Redmond is over, Zach Redmond is back on ice.
16:37 of 2nd period - Slapshot by Jason Garrison.
16:37 of 2nd period - Shot Blocked by Tim Erixon.
16:41 of 2nd period - Slapshot by Zach Redmond.
16:41 of 2nd period - Shot Misses the Net.
17:10 of 2nd period - Snap shot by J.T. Miller.
17:10 of 2nd period - Shot Blocked by Michael Latta.
17:48 of 2nd period - Major Penalty to Michael Latta for Boarding.
17:49 of 2nd period - Victor Rask wins face-off versus Brandon Pirri in Heat zone.
18:06 of 2nd period - Backhand shot by Frank Corrado.
18:06 of 2nd period - Shot Blocked by Jason Garrison.
18:36 of 2nd period - Snap shot by Derek Roy.
18:36 of 2nd period - Stopped by Eddie Pasquale without a rebound.
18:37 of 2nd period - Travis Morin wins face-off versus Rickard Rakell in Heat zone.
19:28 of 2nd period - Snap shot by Brandon Pirri.
19:28 of 2nd period - Deflect By Tanner Pearson.
19:28 of 2nd period - Stopped by Eddie Pasquale with a rebound.
19:46 of 2nd period - Wrist shot by Jason Garrison.
19:46 of 2nd period - Shot Misses the Net.
19:52 of 2nd period - Wrist shot by Derek Roy.
19:52 of 2nd period - Stopped by Eddie Pasquale with a rebound.
Goals for this period are 0 for Heat vs 1 for Ice Hogs.
Shots for this period are 7 for Heat vs 9 for Ice Hogs.

3rd period


0:01 of 3rd period - Travis Morin wins face-off versus Victor Rask in neutral zone.
0:24 of 3rd period - Snap shot by Ryan Murphy.
0:24 of 3rd period - Stopped by Eddie Pasquale with a rebound.
0:26 of 3rd period - Slapshot by Jason Garrison.
0:26 of 3rd period - Shot Misses the Net.
0:28 of 3rd period - Wrist shot by Casey Wellman.
0:28 of 3rd period - Deflect By Derek Roy.
0:28 of 3rd period - Stopped by Eddie Pasquale with a rebound.
0:30 of 3rd period - Snap shot by Travis Morin.
0:30 of 3rd period - Stopped by Eddie Pasquale with a rebound.
0:32 of 3rd period - Backhand shot by Jason Garrison.
0:32 of 3rd period - Shot Misses the Net.
0:34 of 3rd period - Snap shot by Travis Morin.
0:34 of 3rd period - Stopped by Eddie Pasquale without a rebound.
0:35 of 3rd period - Brandon Pirri wins face-off versus Rickard Rakell in Heat zone.
0:52 of 3rd period - Snap shot by Tyler Toffoli.
0:52 of 3rd period - Stopped by Eddie Pasquale with a rebound.
1:24 of 3rd period - Derek Roy is hit by Victor Rask and loses puck.
2:44 of 3rd period - Rickard Rakell is hit by Derek Roy and loses puck.
2:48 of 3rd period - Penalty to Michael Latta is over, Michael Latta is back on ice.
3:49 of 3rd period - Jean-Philippe Cote is hit by Stuart Percy and loses puck.
4:24 of 3rd period - Wrist shot by Tyler Toffoli.
4:24 of 3rd period - Stopped by Eddie Pasquale without a rebound.
4:25 of 3rd period - Rickard Rakell wins face-off versus Brandon Pirri in Heat zone.
5:03 of 3rd period - Devante Smith-Pelly is hit by Johan Larsson and loses puck.
5:15 of 3rd period - Snap shot by Riley Sheahan.
5:15 of 3rd period - Stopped by Scott Darling with a rebound.
5:17 of 3rd period - Slapshot by Jon Merrill.
5:17 of 3rd period - Stopped by Scott Darling with a rebound.
5:19 of 3rd period - Slapshot by Sergei Gonchar.
5:19 of 3rd period - Deflect By Riley Sheahan.
5:19 of 3rd period - Stopped by Scott Darling with a rebound.
5:35 of 3rd period - Zach Redmond is hit by Michael Latta and loses puck.
6:13 of 3rd period - Sami Vatanen is hit by Zach Redmond and loses puck.
7:05 of 3rd period - Devante Smith-Pelly is hit by Jason Garrison.
7:37 of 3rd period - Brandon Gormley is hit by Tomas Fleischmann and loses puck.
7:44 of 3rd period - Rickard Rakell is hit by Roman Horak and loses puck.
8:13 of 3rd period - Jon Merrill is hit by Brandon Gormley and loses puck.
8:57 of 3rd period - Slapshot by Jean-Philippe Cote.
8:57 of 3rd period - Shot Misses the Net.
9:46 of 3rd period - Minor Penalty to Richard Panik for Interference.
9:47 of 3rd period - Victor Rask wins face-off versus Derek Roy in Heat zone.
10:02 of 3rd period - Slapshot by Jason Garrison.
10:02 of 3rd period - Shot Blocked by Taylor Beck.
10:48 of 3rd period - Sergei Gonchar is hit by Chay Genoway.
11:02 of 3rd period - Jason Garrison is hit by Victor Rask and loses puck.
11:41 of 3rd period - Snap shot by Derek Roy.
11:41 of 3rd period - Stopped by Eddie Pasquale with a rebound.
11:46 of 3rd period - Penalty to Richard Panik is over, Richard Panik is back on ice.
11:59 of 3rd period - Johan Larsson is hit by Devante Smith-Pelly and loses puck.
12:52 of 3rd period - Wrist shot by Dan DaSilva.
12:52 of 3rd period - Stopped by Eddie Pasquale with a rebound.
13:15 of 3rd period - Jean-Philippe Cote is hit by Sven Baertschi.
13:38 of 3rd period - Wrist shot by Jean-Philippe Cote.
13:38 of 3rd period - Stopped by Eddie Pasquale with a rebound.
13:40 of 3rd period - Slapshot by Travis Morin.
13:40 of 3rd period - Shot Misses the Net.
13:56 of 3rd period - Tim Erixon is hit by Chay Genoway and loses puck.
14:58 of 3rd period - Icing by Casey Wellman.
14:59 of 3rd period - Derek Roy wins face-off versus Richard Panik in Ice Hogs zone.
16:38 of 3rd period - Wrist shot by Tomas Fleischmann.
16:38 of 3rd period - Shot Blocked by Jean-Philippe Cote.
16:57 of 3rd period - Peter LeBlanc is hit by Devante Smith-Pelly and loses puck.
17:06 of 3rd period - Sami Vatanen is hit by Chay Genoway and loses puck.
17:47 of 3rd period - Wrist shot by Tanner Pearson.
17:47 of 3rd period - Stopped by Eddie Pasquale without a rebound.
17:48 of 3rd period - Rickard Rakell wins face-off versus Brandon Pirri in Heat zone.
18:55 of 3rd period - Dan DaSilva is hit by Jon Merrill and loses puck.
19:07 of 3rd period - Jason Garrison is hit by Jon Merrill.
19:52 of 3rd period - Heat, Eddie Pasquale is pulled from the net.
Goals for this period are 0 for Heat vs 0 for Ice Hogs.
Shots for this period are 3 for Heat vs 10 for Ice Hogs.


Output by the SimonT Hockey Simulator (STHS) for Eric Dolegowski -- Original Page W3C XHTML 1.0 Valid
Hockey Simulator - Hockey Simulation - Hockey Manager